 Dungeon Crawl Stone Soup version 0.27-a0-1324-ge0d8e047f6 (webtiles) character file.

Game seed: 10260023702090851487

609 night the Chiller (level 7, 0/49 HPs)
             Began as a Demonspawn Ice Elementalist on June 23, 2021.
             Was an Initiate of Gozag.
             Slain by an ogre (25 damage)
             ... on level 5 of the Dungeon.
             The game lasted 00:08:59 (4389 turns).

night the Chiller (Demonspawn Ice Elementalist)     Turns: 4389, Time: 00:09:00

Health: 0/49       AC: 12    Str:  8    XL:     7   Next: 19%
Magic:  9/14       EV: 11    Int: 24    God:    Gozag
Gold:   301        SH:  0    Dex: 14    Spells: 2/16 levels left

rFire    . . .     SeeInvis .   m - +0 club (spect)
rCold    . . .     Faith    .   (no shield)
rNeg     + . .     Spirit   .   l - +1 leather armour {rN+}
rPois    .         Reflect  .   (no helmet)
rElec    .         Harm     .   (no cloak)
rCorr    .         Rampage  .   e - +0 pair of gloves
Will     .....                  (no boots)
Stlth    ++........             (no amulet)
HPRegen  0.16/turn              p - +6 ring of intelligence
MPRegen  0.14/turn              (no ring)

@: ice-armoured, freezing walls
A: hooves 2, molten scales 1
a: Renounce Religion, Potion Petition, Call Merchant, Bribe Branch


You were on level 5 of the Dungeon.
You worshipped Gozag.
Gozag was aware of your devotion.
You visited 2 branches of the dungeon, and saw 6 of its levels.

You collected 366 gold pieces.
You paid 65 gold pieces to Gozag.

Inventory:

Hand Weapons
 c - a +0 dagger
 m - a +0 spectral club (weapon)
Missiles
 d - 6 javelins
 f - 122 stones
 h - 14 sling bullets
 i - 5 silver javelins
 n - 18 poisoned darts (quivered)
Armour
 a - a +0 robe
 b - a +0 buckler
 e - a +0 pair of gloves (worn)
 l - a +1 leather armour of positive energy (worn)
Jewellery
 p - a +6 ring of intelligence (left hand)
Wands
 g - a wand of flame (33)
Scrolls
 j - a scroll of immolation {unknown}
 o - 2 scrolls of identify
Potions
 k - a potion of ambrosia {unknown}
 q - 2 potions of attraction {unknown}
 r - a potion of haste {unknown}


   Skills:
 + Level 1.8 Fighting
 - Level 1.7 Dodging
 - Level 1.7 Stealth
 + Level 5.1 Spellcasting
 + Level 1.8 Conjurations
 - Level 5.7 Ice Magic


You had 2 spell levels left.
You knew the following spells:

 Your Spells              Type           Power      Damage    Failure   Level
a - Freeze                Ice            100%       1d11      1%          1
b - Frozen Ramparts       Ice            66%        1d8       3%          3
c - Ozocubu's Armour      Ice            33%        N/A       3%          3
d - Mephitic Cloud        Conj/Pois/Air  9%         N/A       30%         3
e - Hailstorm             Conj/Ice       24%        3d7       26%         4

Your spell library contained the following spells:

 Spells                   Type           Power      Damage    Failure   Level
 Magic Dart               Conj           60%        1d6       6%          1
 Blink                    Tloc           N/A        N/A       19%         2
 Call Imp                 Summ           6%         N/A       19%         2
 Slow                     Hex            6%         N/A       19%         2
 Conjure Flame            Conj/Fire      10%        6-21      26%         3
 Metabolic Englaciation   Hex/Ice        9%         N/A       73%         5


Dungeon Overview and Level Annotations

Branches:
Dungeon (5/15)             Temple (1/1) D:4

Altars:
Cheibriados
Dithmenos
Elyvilon
Fedhas
Gozag
Kikubaaqudgha
Makhleb
Nemelex Xobeh
Sif Muna
Trog
Uskayaw
Vehumet
Wu Jian
Yredelemnul
Zin


Innate Abilities, Weirdness & Mutations

You have hoof-like feet.
You are partially covered in molten scales. (AC +2)


Message History

Magic restored.
You now have 281 gold pieces (gained 4).
You now have 287 gold pieces (gained 6).
q - 2 glowing emerald potions (gained 1)
You now have 301 gold pieces (gained 14).
Found a stone staircase leading up.
An ogre comes into view. It is wielding a +0 giant club.
The ogre shouts!
Found 10 gold pieces.
Casting: Frozen Ramparts (dangerous; 3% risk of failure)
Confirm with . or Enter, or press ? or * to list all spells.
A film of ice covers your body!
Unknown command.
Casting: Ozocubu's Armour (dangerous; 3% risk of failure)
Confirm with . or Enter, or press ? or * to list all spells.
Casting: Frozen Ramparts (dangerous; 3% risk of failure)
Press: ? - help, Dir - look around, f - activate The walls around you are covered in ice.
The wall freezes the ogre.
You hit the ogre but do no damage.
The ogre is lightly wounded.
The wall freezes the ogre.
The ogre closely misses you.
An adder comes into view.
The adder hisses angrily.
You hit the ogre but do no damage.
The ogre is moderately wounded.
The wall freezes the ogre!
The ogre closely misses you.
You barely miss the ogre.
The ogre is heavily wounded.
The wall freezes the ogre.
The ogre hits you with a +0 giant club!
You hit the ogre but do no damage. You kick the ogre, but do no damage.
The ogre is heavily wounded.
The wall freezes the ogre.
The ogre hits you with a +0 giant club!
You hit the ogre. You kick the ogre, but do no damage.
The ogre is severely wounded.
The wall freezes the adder.
The wall freezes the ogre.
The ogre hits you with a +0 giant club!!
Ouch! That really hurt!
You die...
Your body crumbles into a pile of gold.

.. ....
##. ## .$.
#..... ...
##...#. ..
.......#<#
.........
.......S#
#O# #@#
#.###.##
#......#
#.###..#
#..# #..#
$ #..#
#..# #..#


You could see an ogre and an adder.

Vanquished Creatures
  Grinder (D:3)
  Eustachio (D:4)
  An orc priest (D:3)
  A hound (D:4)
  Jessica (D:2)
  An iguana (D:4)
  6 adders
  An ufetubus (D:4)
  3 dart slugs
  9 orcs (D:3)
  7 endoplasms
  3 giant cockroaches
  9 goblins
  7 hobgoblins
  12 jackals
  3 quokkas
  5 ball pythons
  4 bats
  4 frilled lizards
  5 kobolds
  6 rats
90 creatures vanquished.

Notes
Turn   | Place    | Note
-------+----------+-------------------------------------------
     0 | D:1      | night the Demonspawn Ice Elementalist began the quest for
                  | the Orb.
     0 | D:1      | Reached XP level 1. HP: 13/13 MP: 3/3
   123 | D:1      | You fall into a shaft and drop 1 floor!
   333 | D:2      | Found a faded altar of an unknown god.
   443 | D:2      | Gained mutation: You have large cloven feet. [demonic
                  | ancestry]
   443 | D:2      | Reached XP level 2. HP: 19/19 MP: 1/5
   826 | D:2      | Reached XP level 3. HP: 24/24 MP: 4/7
   830 | D:2      | Learned a level 3 spell: Frozen Ramparts
   834 | D:2      | Learned a level 3 spell: Ozocubu's Armour
  1974 | D:2      | Noticed Jessica
  1981 | D:2      | Killed Jessica
  1982 | D:2      | Gained mutation: You have hoof-like feet. [demonic
                  | ancestry]
  1982 | D:2      | Reached XP level 4. HP: 25/30 MP: 3/8
  2763 | D:3      | Noticed Grinder
  2770 | D:3      | HP: 4/30 [Grinder (7)]
  2775 | D:3      | Paralysed by Grinder for 5 turns
  2777 | D:3      | HP: 4/30 [Grinder (1)]
  2785 | D:3      | Killed Grinder
  2786 | D:3      | Reached skill level 5 in Ice Magic
  2786 | D:3      | Reached XP level 5. HP: 5/35 MP: 4/11
  2786 | D:3      | Gained mutation: You are partially covered in molten
                  | scales. (AC +2) [demonic ancestry]
  2786 | D:3      | Reached XP level 6. HP: 6/41 MP: 4/12
  3129 | D:3      | Learned a level 3 spell: Mephitic Cloud
  3407 | D:4      | Found a staircase to the Ecumenical Temple.
  3425 | Temple   | Entered the Ecumenical Temple
  3504 | Temple   | Became a worshipper of Gozag Ym Sagoz the Greedy
  3549 | D:4      | Learned a level 4 spell: Hailstorm
  3799 | D:4      | Found a bloodstained altar of Trog.
  3799 | D:4      | Found an ancient bone altar of Kikubaaqudgha.
  3800 | D:4      | Found a radiant altar of Vehumet.
  3806 | D:4      | Noticed Eustachio
  3817 | D:4      | Killed Eustachio
  3818 | D:4      | Reached skill level 1 in Fighting
  3818 | D:4      | Reached skill level 5 in Spellcasting
  3818 | D:4      | Reached skill level 1 in Conjurations
  3818 | D:4      | Reached XP level 7. HP: 46/49 MP: 8/14
  4016 | D:4      | Found a basalt altar of Yredelemnul.
  4239 | D:5      | Entered Level 5 of the Dungeon
  4389 | D:5      | Slain by an ogre

Illustrated notes

Levels and vault maps discovered:
D:1:      dpeg_chamrin_arrival_tetris, layout_basic
D:2:      layout_loops_ring, hellmonk_ecumenical_altar_zigzags, minmay_3d_cube,
          uniq_jessica
D:3:      layout_rooms, uniq_grinder
D:4:      layout_loops_ring, chequers_temple_overflow_statue_of_worship,
          nicolae_overflow_hidden_temple, minmay_temple_entry_arrows,
          uniq_eustachio
D:5:      layout_loops_ring, marbit_many_paths, minmay_crystal_water,
          amcnicky_mini_pool_small, uniq_menkaure, uniq_ijyb
Temple:   cyrus_temple_forest

Skill      XL: |  1  2  3  4  5  6 |
---------------+-------------------+-----
Ice Magic      | 4 5 |  5.7
Spellcasting   | 3 4 5 |  5.1
Fighting       | 1 |  1.8
Conjurations   | 1 |  1.8
Dodging        | |  1.7
Stealth        | |  1.7

Action                   |  1- 3 |  4- 6 |  7- 9 || total
-------------------------+-------+-------+-------++-------
Melee: Unarmed           |     1 |       |       ||     1
       Dagger            |    22 |       |       ||    22
       Kick              |     3 |     7 |     6 ||    16
       Club              |       |    46 |    18 ||    64
Throw: Dart              |       |     1 |       ||     1
 Cast: Freeze            |    43 |    10 |       ||    53
       Frozen Ramparts   |     2 |    10 |     2 ||    14
       Ozocubu's Armour  |       |     3 |     1 ||     4
Evoke: Wand              |       |     3 |       ||     3
  Use: Scroll            |     2 |       |     2 ||     4
       Potion            |       |     3 |       ||     3
 Stab: Sleeping          |     7 |       |     2 ||     9
       Distracted        |       |     1 |       ||     1
Armor: Robe              |    14 |       |       ||    14
       Leather armour    |     1 |    22 |     5 ||    28
Dodge: Dodged            |    30 |    37 |    10 ||    77

Table legend: (Time is in decaauts)
 A = Elapsed time spent in this place.
 B = Non-inter-level travel time spent in this place.
 C = Inter-level travel time spent in this place.
 D = Time resting spent in this place.
 E = Time spent auto-exploring this place.
 F = Levels seen in this place.
 G = Mean time per level.
                   A        B        C        D        E       F      G
               +--------+--------+--------+--------+--------+-----+--------+
         Total |   4408 |   4281 |    127 |    673 |   2970 |   6 |  734.7 |
       Dungeon |   4298 |   4210 |     88 |    673 |   2905 |   5 |  859.6 |
        Temple |    109 |     70 |     39 |      0 |     65 |   1 |  109.0 |
               +--------+--------+--------+--------+--------+-----+--------+

Top non-repeatable levels by time:
     D:2: 1539 daAuts
     D:1: 975 daAuts
     D:3: 859 daAuts
     D:4: 773 daAuts
     D:5: 151 daAuts
  Temple: 109 daAuts
